 Dungeon Crawl Stone Soup version 0.27-a0-412-g8dd771eca2 (webtiles) character file.

Game seed: 7742871542839889251

51 tilp the Sneak (level 3, -3/23 HPs)
             Began as an Octopode Transmuter on Feb 23, 2021.
             Slain by an adder (5 damage)
             ... on level 2 of the Dungeon.
             The game lasted 00:01:35 (1138 turns).

tilp the Sneak (Octopode Transmuter)                Turns: 1138, Time: 00:01:36

Health: -3/23      AC:  1    Str:  9    XL:     3   Next: 83%
Magic:  4/6        EV: 13    Int: 16    God:
Gold:   24         SH:  0    Dex: 12    Spells: 3/6 levels left

rFire    . . .     SeeInvis .     - Unarmed
rCold    . . .     Faith    .   (no shield)
rNeg     . . .     Spirit   .   (helmet restricted)
rPois    .         Reflect  .   (no amulet)
rElec    .         Harm     .   (no ring)
rCorr    .         Rampage  .   (no ring)
Will     .....                  (no ring)
Stlth    +++.......             (no ring)
HPRegen  0.07/turn              (no ring)
MPRegen  0.10/turn              (no ring)
                                (no ring)
                                (no ring)

@: lethally poisoned (-3 -> -9), wereblooded, attractive
A: almost no armour, stealthy swim, amphibious, 8 rings, constrict 8, camouflage
1, gelatinous body 1
a: no special abilities


You were on level 2 of the Dungeon.
You visited 1 branch of the dungeon, and saw 2 of its levels.

You collected 24 gold pieces.

Inventory:

Missiles
 b - 5 stones
Armour
 d - a +0 buckler
Potions
 c - a potion of berserk rage {unknown}


   Skills:
 + Level 1.5 Fighting
 - Level 2.0 Dodging
 - Level 4.0 Stealth
 * Level 0.2 Shields
 + Level 3.2 Unarmed Combat
 - Level 2.0 Spellcasting
 - Level 2.0 Transmutations


You had 3 spell levels left.
You knew the following spells:

 Your Spells              Type           Power        Failure   Level
a - Beastly Appendage     Tmut           16%          9%          1
b - Wereblood             Tmut           8%           14%         2

Your spell library contained the following spells:

 Spells                   Type           Power        Failure   Level
 Spider Form              Tmut/Pois      2%           38%         3
 Ice Form                 Ice/Tmut       4%           80%         4
 Blade Hands              Tmut           4%           94%         5


Dungeon Overview and Level Annotations

Branches:
Dungeon (2/15)

Altars:


Innate Abilities, Weirdness & Mutations

You cannot wear most types of armour.
You are very stealthy in the water. (Stealth+)
You are amphibious.
You can wear up to eight rings at the same time.
You can use your tentacles to constrict eight enemies at once.
Your skin changes colour to match your surroundings (Stealth+).
Your rubbery body absorbs attacks. (AC +1, EV +1)


Message History

You barely miss the quokka. You grab the quokka.
You pierce the quokka.
You kill the quokka!
You closely miss the kobold. You grab the kobold.
You pierce the kobold, but do no damage.
You howl as the wereblood boils in your veins!
You constrict the kobold, but do no damage.
You hear an angry hiss.
The kobold hits you with a +0 whip.
You tentacle-slap the kobold.
You kill the kobold!
An adder comes into view.
You barely miss the kobold. Your grab misses the kobold.
You pierce the kobold.
The kobold is moderately wounded.
The kobold hits you with a +0 short sword.
You tentacle-slap the kobold.
You kill the kobold!
You tentacle-slap the hobgoblin. Your grab misses the hobgoblin.
You squeeze the hobgoblin.
You kill the hobgoblin!
Items here: )) ††.
You tentacle-slap the adder. Your grab misses the adder.
Your tentacle spike misses the adder.
Your squeeze misses the adder.
The adder is lightly wounded.
The adder bites you.
* * * LOW HITPOINT WARNING * * *
You closely miss the adder. Your grab misses the adder.
Your tentacle spike misses the adder.
The adder is lightly wounded.
Your tentacle spike disappears.
The adder bites you.
* * * LOW HITPOINT WARNING * * *
You are lethally poisoned!
The adder poisons you! The adder bites you.
* * * LOW HITPOINT WARNING * * *
* * * LOW HITPOINT WARNING * * *
You feel sick.
It was a potion of attraction.
You feel attractive to monsters. The adder bites you.
You die...

#...........
#...........
#...........
##.....#....
#......[#
#.......# #
#.......#
#.##S....##
#..@#...##
###.####....
#.# .### ..#
#.# ## #.#
#.. #.#
###.. .# #.#
.## $ #.#
..# #. #.#
".##. #.#


You could see an adder.

Vanquished Creatures
  An ooze (D:1)
  A worm (D:2)
  2 dart slugs (D:1)
  A leopard gecko (D:1)
  4 giant cockroaches (D:1)
  5 goblins (D:1)
  5 hobgoblins
  2 jackals (D:1)
  A quokka (D:2)
  4 bats (D:1)
  3 frilled lizards
  4 kobolds
  3 rats (D:1)
36 creatures vanquished.

Notes
Turn   | Place    | Note
-------+----------+-------------------------------------------
     0 | D:1      | tilp the Octopode Transmuter began the quest for the Orb.
     0 | D:1      | Reached XP level 1. HP: 13/13 MP: 3/3
    22 | D:1      | Reached skill level 1 in Stealth
    61 | D:1      | Reached skill level 2 in Stealth
    61 | D:1      | Reached XP level 2. HP: 15/18 MP: 3/5
    71 | D:1      | Learned a level 2 spell: Wereblood
   137 | D:1      | Reached skill level 3 in Stealth
   232 | D:1      | Reached XP level 3. HP: 20/23 MP: 6/6
   308 | D:1      | Reached skill level 4 in Stealth
  1138 | D:2      | Slain by an adder

Illustrated notes

Levels and vault maps discovered:
D:1:      heliophobic_arrival_enchanted_forest, layout_loops_ring
D:2:      layout_rooms, nicolae_overflow_crystal_walls,
          amethyst_overflow_temple_binary

Skill      XL: |  1  2  3 |
---------------+----------+-----
Stealth        | 2 3 4 |  4.0
Fighting       | |  1.5
Dodging        | |  2.0
Shields        | |  0.2
Unarmed Combat | |  3.2
Spellcasting   | |  2.0
Transmutations | |  2.0

Action                   || total
-------------------------++-------
Melee: Unarmed           ||    84
       Constrict         ||    19
       Kick              ||    16
       Tentacles         ||     8
 Cast: Beastly Appendage ||     5
       Wereblood         ||     3
  Use: Potion            ||     1
 Stab: Sleeping          ||     6
Armor: Skin              ||     9
Dodge: Dodged            ||    53

Table legend: (Time is in decaauts)
 A = Elapsed time spent in this place.
 B = Non-inter-level travel time spent in this place.
 C = Inter-level travel time spent in this place.
 D = Time resting spent in this place.
 E = Time spent auto-exploring this place.
 F = Levels seen in this place.
 G = Mean time per level.
                   A        B        C        D        E       F      G
               +--------+--------+--------+--------+--------+-----+--------+
         Total |   1132 |   1115 |     17 |      3 |    901 |   2 |  566.0 |
       Dungeon |   1132 |   1115 |     17 |      3 |    901 |   2 |  566.0 |
               +--------+--------+--------+--------+--------+-----+--------+

Top non-repeatable levels by time:
     D:1: 954 daAuts
     D:2: 178 daAuts
